Cogmind - Beta 17 @@@ ROGUE MODE // 2026.08.01 @ 20:36:47 Player: gortmind Result: Destroyed by P-70 Sage with High-powered Shock Rifle Performance ------------- Evolutions (5) 2500 Regions Visited (5) 1000 Robots Destroyed (25) 125 Value Destroyed (680) 680 Prototype IDs (0) 0 Alien Tech Used (0) 0 Bonus (0) 0 TOTAL SCORE: 4305 Bonus ------- None Cogmind --------- Core Integrity 0/1000 Matter 300/300 Energy 100/100 System Corruption 31% Temperature Cool (0) Movement Core (50) Location -5/Factory Parts ------- > --- POWER (2) -------- (None) > --- PROPULSION (4) --- (None) > --- UTILITY (7) ------ (None) > --- WEAPON (4) ------- (None) > --- INVENTORY (5) ---- (None) Peak State ------------ > --- POWER ------------ Improved Deuterium Engine > --- PROPULSION ------- Carbon-fiber Leg Carbon-fiber Leg Improved Carbon-fiber Leg Improved Titanium Leg > --- UTILITY ---------- Signal Interpreter Improved Medium Armor Plating Scrap Shield Improved Hardlight Generator > --- WEAPON ----------- Battle Cannon Battle Cannon Katana > --- INVENTORY -------- (None) [Rating: 39] Favorites ----------- Power Light Ion Engine Engine Light Ion Engine Propulsion Aluminum Leg Leg Aluminum Leg Utility Signal Interpreter Device Seismic Detector Processor Signal Interpreter Protection Scrap Shield Weapon Battle Cannon Energy Gun High-powered Shock Rifle Ballistic Gun Light Assault Rifle Ballistic Cannon Battle Cannon Launcher Grenade Launcher Slashing Weapon Katana Build | -11 -10 -10 -10 -7 -5 ------- Run | Yrd Mat Min Sub Scr Fac Slots Evolved 10 | . . . . . 10 Power 1 | . . . . . 1 Propulsion 2 | . . . . . 2 Utility 5 | . . . . . 5 Weapon 2 | . . . . . 2 Parts Attached 29 | 6 7 . 4 4 8 Power 3 | 1 . . 1 1 . Engine 3 | 1 . . 1 1 . Core . | . . . . . . Reactor . | . . . . . . Propulsion 8 | 2 2 . . 2 2 Treads . | . . . . . . Leg 8 | 2 2 . . 2 2 Wheel . | . . . . . . Hover . | . . . . . . Flight . | . . . . . . Utility 8 | 1 3 . . 1 3 Device 3 | 1 1 . . . 1 Storage . | . . . . . . Processor 3 | . 2 . . 1 . Hackware . | . . . . . . Protection 2 | . . . . . 2 Artifact . | . . . . . . Weapon 10 | 2 2 . 3 . 3 Energy Gun 1 | . . . . . 1 Energy Cannon . | . . . . . . Ballistic Gun 4 | 2 1 . 1 . . Ballistic Cannon 2 | . . . 2 . . Launcher 2 | . 1 . . . 1 Special Weapon . | . . . . . . Impact Weapon . | . . . . . . Slashing Weapon 1 | . . . . . 1 Piercing Weapon . | . . . . . . Special Melee Weapon . | . . . . . . Unidentified Prototypes . | . . . . . . Parts Lost 19 | . 1 . 4 . 14 Power 2 | . . . 1 . 1 Propulsion 5 | . . . 1 . 4 Utility 5 | . 1 . . . 4 Weapon 7 | . . . 2 . 5 Highest Loss Streak 11 | . 1 . 4 . 11 To Critical Strikes . | . . . . . . Average Backups 2 | . 2 4 3 3 . Power . | . . . . . . Propulsion . | . . . . . . Utility . | . . 1 1 1 . Weapon 1 | . 2 2 1 2 . Tool/Special . | . . . . . . Unused Backups 1 | . . . 1 . . Power . | . . . . . . Propulsion . | . . . . . . Utility 1 | . . . 1 . . Weapon . | . . . . . . Tool/Special . | . . . . . . Average Slot Usage (%) 87 | . 89 100 85 99 48 Engine 12 | . 14 14 13 14 3 Leg 24 | . 28 28 16 27 13 Device 4 | . 11 . . . 3 Processor 18 | . 6 28 28 28 6 Ballistic Gun 13 | . 26 28 19 . . Ballistic Cannon 11 | . . . 7 28 7 Peak Build Rating 39 | 6 7 8 10 20 39 Average Rating 12 | 4 6 7 8 18 25 On Entrance 8 | . 6 7 8 9 20 Avg Prop Armor Cover (%) 11 | . . . . . 11 Naked Turns 47 | . . . . . 47 Heaviest Build 51 | 6 8 6 12 16 51 Greatest Support 68 | 20 20 20 20 38 68 Greatest Overweight (x) 1 | . . . 1 1 1 Average Overweight (x) . | . . . . . . Largest Inventory Capacity 5 | 5 5 5 5 5 5 Average Capacity 5 | 5 5 5 5 5 5 Most Carried 5 | 4 4 5 5 5 2 Average Carried 3 | . 2 4 4 4 . Final Capacity 5 | 5 5 5 5 5 5 Final Carried 5 | . 4 5 5 4 . Class Distribution -------------------- 62% | Mutant 34% | Derelict-Mutant 3% | Derelict-Tank Dominant Class ---------------- Mutant | -10/Materials Mutant | -10/Mines Mutant | -10/Subcaves Derelict-Mutant | -7/Scraptown Derelict-Mutant | -5/Factory Resources | -11 -10 -10 -10 -7 -5 ----------- Run | Yrd Mat Min Sub Scr Fac Matter Collected 973 | 286 339 85 59 60 144 Remotely . | . . . . . . Salvage Created 848 | 111 458 99 50 . 130 Parts 50 | 6 30 8 3 . 3 Haulers Intercepted 2 | . 2 . . . . Recyclers Shooed . | . . . . . . Parts Field Recycled . | . . . . . . Retrieved Matter . | . . . . . . Parts Self-Destructed . | . . . . . . Prevented . | . . . . . . Parts Restored . | . . . . . . Kills | -11 -10 -10 -10 -7 -5 ------- Run | Yrd Mat Min Sub Scr Fac Combat Hostiles Destroyed 17 | . 11 2 1 . 3 Melee 2 | . . . . . 2 Guns 10 | . 7 2 1 . . AOE 5 | . 4 . . . 1 Classes Destroyed 10 | 2 6 . 1 . 1 Builder 1 | . 1 . . . . Tunneler 2 | 2 . . . . . Hauler 2 | . 2 . . . . Recycler 1 | 1 . . . . . Operator 1 | . 1 . . . . Watcher 1 | . 1 . . . . Swarmer 3 | . 3 . . . . Grunt 12 | . 8 2 . . 2 Brawler 1 | . . . . . 1 Subdweller 1 | . . . 1 . . Best Kill Streak 6 | 1 6 2 1 . 3 Combat Bots Only 5 | . 5 2 1 . 3 Max Kills in Single Turn 2 | 1 2 1 1 . 1 Gunslinging . | . . . . . . Exploded 2 | . 2 . . . 1 Melee 1 | . . . . . 1 Uniques/NPCs Destroyed . | . . . . . . Combat | -11 -10 -10 -10 -7 -5 -------- Run | Yrd Mat Min Sub Scr Fac Hostile Shots Fired 196 | . 58 12 13 . 113 Missed 60 | . 18 4 2 . 36 Hits 136 | . 40 8 11 . 77 Melee 3 | . . . . . 3 Projectile 133 | . 40 8 11 . 74 AOE 2 | . . . . . 2 Critical Strikes 10 | . 1 . . . 9 Part Disruptions 1 | . . . . . 1 Damage Taken 2897 | . 449 103 217 . 2128 Core 1184 | . 126 . 44 . 1014 Absorbed by Shields 36 | . . . . . 36 Core Remaining (%) 66 | 100 . . . 32 . Volleys Fired 113 | 13 65 9 13 . 13 Largest 3 | 2 2 2 2 . 3 Hottest 96 | 40 50 40 40 . 96 Shots Fired 209 | 26 129 18 14 . 22 Gun 182 | 26 121 18 14 . 3 Cannon 15 | . . . . . 15 Launcher 12 | . 8 . . . 4 Special . | . . . . . . Kinetic 194 | 26 121 18 14 . 15 Thermal . | . . . . . . Explosive 12 | . 8 . . . 4 Electromagnetic 3 | . . . . . 3 Robot Hit Streak 16 | 5 16 5 8 . 9 Robot Miss Streak 4 | 2 4 2 2 . 3 Penetration Max . | . . . . . . Secondary Targets . | . . . . . . Shots Hit Robots 139 | 14 79 12 11 . 23 Core Hits 69 | 5 34 4 3 . 23 Critical Kills 1 | . 1 . . . . Critical Parts Destroyed 2 | 1 1 . . . . Critical Strikes 6 | 1 2 . . . 3 Destroy 3 | 1 2 . . . . Sever 3 | . . . . . 3 Melee Attacks 17 | . . . . . 17 Impact . | . . . . . . Slashing 17 | . . . . . 17 Piercing . | . . . . . . Sneak Attacks . | . . . . . . Combat Hostiles . | . . . . . . Follow-up Attacks . | . . . . . . Damage Inflicted 2478 | 146 1070 129 126 . 1007 Guns 1184 | 146 778 129 126 . 5 Cannons 130 | . . . . . 130 Explosions 546 | . 292 . . . 254 Melee 375 | . . . . . 375 Ramming 243 | . . . . . 243 Kinetic 1309 | 146 778 129 126 . 130 Thermal . | . . . . . . Explosive 546 | . 292 . . . 254 Electromagnetic 5 | . . . . . 5 Impact . | . . . . . . Slashing 375 | . . . . . 375 Piercing . | . . . . . . Highest Corruption 31 | . . . . . 31 Average Corruption 11 | . . . . . 11 Corruption Purged . | . . . . . . Corruption Blocked . | . . . . . . Effects 11 | . . . . . 11 Message Errors 1 | . . . . . 1 Matter Fused 2 | . . . . . 2 Heat Flow Errors 1 | . . . . . 1 Energy Discharges 2 | . . . . . 2 Parts Rejected 1 | . . . . . 1 Parts Fused 1 | . . . . . 1 Data Loss (minor) 1 | . . . . . 1 Misfires 1 | . . . . . 1 Misdirections 1 | . . . . . 1 Overload Shots . | . . . . . . Overflow Damage 4 | . . . . . 4 Projectiles . | . . . . . . Explosions . | . . . . . . Melee 4 | . . . . . 4 Knockbacks 3 | . . . . . 3 Impact 2 | . . . . . 2 Kinetic 1 | . . . . . 1 Secondary . | . . . . . . Self-Inflicted Damage 113 | . 4 . . . 109 Shots 4 | . 1 . . . 3 Rammed 77 | . . . . . 77 Targets Rammed 83 | . . . . . 83 Kicked 6 | . . . . . 6 Crushed . | . . . . . . Highest Temperature 86 | . 56 13 . . 86 Average Temperature 15 | . 13 8 . . 27 Received Heat Transfer 351 | . 243 60 . . 48 Siege Activations . | . . . . . . Martial Activations . | . . . . . . Shielding Activations . | . . . . . . Robots Disrupted . | . . . . . . Combat Hostiles . | . . . . . . Robots Corrupted . | . . . . . . Combat Hostiles . | . . . . . . Parts Fried . | . . . . . . Impact Corruptions 2 | . . . . . 2 Robots Melted . | . . . . . . Combat Hostiles . | . . . . . . Parts Melted . | . . . . . . Heat Transferred . | . . . . . . Parts Sabotaged . | . . . . . . Parts Stolen . | . . . . . . Parts Stripped . | . . . . . . Power Chain Reactions . | . . . . . . Alert | -11 -10 -10 -10 -7 -5 ------- Run | Yrd Mat Min Sub Scr Fac Maximum Alert Level . | . . . . . . Low Security (%) 100 | 100 100 100 . . 100 Level 1 . | . . . . . . Level 2 . | . . . . . . Level 3 . | . . . . . . Level 4 . | . . . . . . Level 5 . | . . . . . . High Security . | . . . . . . Max Security . | . . . . . . Peak Influence 179 | 5 179 50 . . 40 Initial . | . . . . . . Average 41 | 1 69 8 . . 5 Influence Increases 509 | 15 370 50 . . 74 Destroy 0b10 Robot/C 320 | . 220 40 . . 60 Destroy 0b10 Robot/NC 40 | 15 25 . . . . Destroy Leader 76 | . 56 10 . . 10 Successful Hack 4 | . 4 . . . . Disable Machine 15 | . 15 . . . . Destroy Structure 54 | . 50 . . . 4 Influence Decreases 509 | 15 370 50 . . 74 Time Decay 477 | 15 360 50 . . 52 Lost Part 32 | . 10 . . . 22 Squads Dispatched 3 | . 2 . . . 1 Investigation 1 | . 1 . . . . Extermination 1 | . . . . . 1 Reinforcement 1 | . 1 . . . . Assault . | . . . . . . Garrison . | . . . . . . Intercept . | . . . . . . Searches Triggered . | . . . . . . Construction Impeded . | . . . . . . Haulers Reinforced . | . . . . . . Active Scanning Responses . | . . . . . . Cargo Convoy Interrupts . | . . . . . . Stealth | -11 -10 -10 -10 -7 -5 --------- Run | Yrd Mat Min Sub Scr Fac Distress Signals 3 | . 2 . . . 1 Communications Jammed . | . . . . . . Distress Signals . | . . . . . . Times Spotted 31 | . 20 2 1 . 8 Peak Tracking Total 5 | . 5 2 1 . 3 Tactical Retreats 1 | . 1 . . . . ECM-based Alert Blocks 1 | . 1 . . . . Traps | -11 -10 -10 -10 -7 -5 ------- Run | Yrd Mat Min Sub Scr Fac Traps Triggered 1 | . . . . . 1 Indirectly . | . . . . . . Trap Hack Attempts . | . . . . . . Triggered . | . . . . . . Disarmed . | . . . . . . Reprogrammed . | . . . . . . Reused . | . . . . . . Traps Extracted . | . . . . . . Installed . | . . . . . . Triggered . | . . . . . . Machines | -11 -10 -10 -10 -7 -5 ---------- Run | Yrd Mat Min Sub Scr Fac Machines Disabled 1 | . 1 . . . . Max in Single Turn 1 | . 1 . . . . Machines Repaired . | . . . . . . Machines Dismantled . | . . . . . . Machines Sabotaged . | . . . . . . Overloaded Fab Kills . | . . . . . . Hacking | -11 -10 -10 -10 -7 -5 --------- Run | Yrd Mat Min Sub Scr Fac Machines Accessed 3 | . 3 . . . . Terminals 2 | . 2 . . . . Fabricators . | . . . . . . Repair Stations . | . . . . . . Recycling Units 1 | . 1 . . . . Scanalyzers . | . . . . . . Garrison Access . | . . . . . . Total Hacks 6 | . 6 . . . . Successful 3 | . 3 . . . . Failed 3 | . 3 . . . . Catastrophic . | . . . . . . Database Lockouts . | . . . . . . Manual . | . . . . . . Terminals 5 | . 5 . . . . Fabricators . | . . . . . . Repair Stations . | . . . . . . Recycling Units 1 | . 1 . . . . Scanalyzers . | . . . . . . Garrison Access . | . . . . . . Terminal Hacks 2 | . 2 . . . . Locate Traps 1 | . 1 . . . . Transport Status 1 | . 1 . . . . Fabricator Hacks . | . . . . . . Repair Station Hacks . | . . . . . . Recycling Unit Hacks 1 | . 1 . . . . Report Inventory 1 | . 1 . . . . Scanalyzer . | . . . . . . Garrison Access Hacks . | . . . . . . Unauthorized Hacks . | . . . . . . Terminals . | . . . . . . Fabricators . | . . . . . . Repair Stations . | . . . . . . Recycling Units . | . . . . . . Scanalyzers . | . . . . . . Garrison Access . | . . . . . . Data Cores Recovered . | . . . . . . Used . | . . . . . . Hacking Detections 2 | . 2 . . . . Full Trace Events 1 | . 1 . . . . Feedback Events . | . . . . . . Feedback Blocked . | . . . . . . Robot Schematics Acquired . | . . . . . . Robots Built . | . . . . . . Authchips . | . . . . . . Time . | . . . . . . Total Robot Build Rating . | . . . . . . Part Schematics Acquired . | . . . . . . Parts Built . | . . . . . . Authchips . | . . . . . . Time . | . . . . . . Total Part Build Rating . | . . . . . . Part Studies Acquired . | . . . . . . Parts Repaired . | . . . . . . Time . | . . . . . . Parts Recycled . | . . . . . . Recycled Matter . | . . . . . . Retrieved Matter . | . . . . . . Retrieved Components . | . . . . . . Parts Scanalyzed . | . . . . . . Part Schematics Acquired . | . . . . . . Parts Damaged . | . . . . . . Bothacking | -11 -10 -10 -10 -7 -5 ------------ Run | Yrd Mat Min Sub Scr Fac Used RIF Installer . | . . . . . . Robots Hacked . | . . . . . . Non-combat . | . . . . . . Combat . | . . . . . . Robot Hacks Applied . | . . . . . . Relay Couplers Released . | . . . . . . Fabnet Peak Effective % . | . . . . . . Robots Rewired . | . . . . . . Allies Hacked . | . . . . . . Hacks Repelled . | . . . . . . Allies | -11 -10 -10 -10 -7 -5 -------- Run | Yrd Mat Min Sub Scr Fac Total Allies . | . . . . . . Largest Group . | . . . . . . Highest-Rated Group . | . . . . . . Highest-Rated Ally . | . . . . . . Total Orders . | . . . . . . Ally Attacks . | . . . . . . Total Damage . | . . . . . . Kills . | . . . . . . Allies Corrupted . | . . . . . . Allies Melted . | . . . . . . Intel | -11 -10 -10 -10 -7 -5 ------- Run | Yrd Mat Min Sub Scr Fac Active Infowar (turns) 898 | 27 871 . . . . Seismic 517 | 27 490 . . . . ECM 381 | . 381 . . . . Robot Analysis Total . | . . . . . . Derelict Logs Recovered 1 | . . . 1 . . Drone Launches . | . . . . . . Drone Recoveries . | . . . . . . Exploration | -11 -10 -10 -10 -7 -5 ------------- Run | Yrd Mat Min Sub Scr Fac Turns Passed 3388 | 130 1054 283 413 1077 431 Spaces Moved 2198 | 79 701 183 268 844 123 Core 21 | 14 . . . . 7 Treads . | . . . . . . Legs 2177 | 65 701 183 268 844 116 Wheels . | . . . . . . Hover . | . . . . . . Flight . | . . . . . . Fastest Speed 50 | 50 120 120 120 125 50 Average Speed 125 | 107 120 120 137 126 146 Slowest Speed 195 | 120 120 120 190 190 195 Overloaded Moves . | . . . . . . Propulsion Burnouts . | . . . . . . Robots Hopped . | . . . . . . Potential Cave-ins . | . . . . . . Cave-ins Triggered . | . . . . . . Exploration Rate (%) 33 | 3 63 49 28 56 3 Regions Visited 5 Branch Regions 3 Pre-discovered Areas 1 | . . . 1 . . Known Exits Taken 4 | . 1 1 1 1 . Unknown Exits Taken 1 | 1 . . . . . Scrap Searched 12 | . . 1 3 8 . Spaces Dug . | . . . . . . Terrain Destroyed 50 | . 49 . . . 1 Melee . | . . . . . . Projectile 1 | . . . . . 1 AOE 49 | . 49 . . . . Terrain Rammed . | . . . . . . Walls Destroyed . | . . . . . . Machines Disabled . | . . . . . . Actions | -11 -10 -10 -10 -7 -5 --------- Run | Yrd Mat Min Sub Scr Fac Total 2611 | 103 796 230 299 854 329 Wait 132 | . 13 37 6 . 76 Move 2193 | 78 700 182 267 843 123 Hop . | . . . . . . Pick Up 30 | 6 8 1 5 4 6 Fast Attach . | . . . . . . Attach 20 | 6 2 . 3 1 8 Detach . | . . . . . . Swap 13 | . 6 . 3 3 1 Drop 9 | . 2 1 2 3 1 Fire 113 | 13 65 9 13 . 13 Melee 17 | . . . . . 17 Ram 78 | . . . . . 78 Kick 6 | . . . . . 6 Crush . | . . . . . . Escape Stasis . | . . . . . . Rewire . | . . . . . . Trap . | . . . . . . Miscellaneous . | . . . . . . Route ------- -11/Scrapyard -10/Materials (discovered 3 exits: *Mat x2 / *Min) -10/Mines (discovered 3 exits: *Mat x2 / *Sub) -10/Subcaves -7/Scraptown -5/Factory History --------- Turn | Location | Event 6 | -11/Scrapyard | Discovered new exit (range 16) 131 | -11/Scrapyard | Entered Materials 303 | -10/Materials | Build established: Mutant 548 | -10/Materials | Discovered new exit (range 10) 769 | -10/Materials | Discovered new exit (range 13) 855 | -10/Materials | Core integrity fell below 50% 923 | -10/Materials | Discovered new exit (range 14) 1119 | -10/Materials | Identified exit to Materials 1184 | -10/Materials | Identified exit to Mines 1185 | -10/Materials | Entered Mines 1185 | -10/Mines | Discovered exit to Materials (range 7) 1220 | -10/Mines | Discovered exit to Materials (range 7) 1248 | -10/Mines | Met a Derelict bent on vengeance 1264 | -10/Mines | Found a Scrap Suit stashed away for nefarious purposes 1267 | -10/Mines | Found Scrap Suit 1448 | -10/Mines | Discovered new exit (range 14) 1466 | -10/Mines | Identified exit to Subcaves 1468 | -10/Mines | Entered Subcaves 1469 | -10/Subcaves | Approached by a straggling Scientist 1558 | -10/Subcaves | Lost 4 parts (1p1n2w) 1724 | -10/Subcaves | Learned location of Zion (-7) 1874 | -10/Subcaves | A swath of the cavern ceiling suddenly collapsed 1879 | -10/Subcaves | Identified exit to Scraptown 1881 | -10/Subcaves | Entered Scraptown 2101 | -7/Scraptown | Visited Cyclists 2122 | -7/Scraptown | Heard Great Nut preacher, LISTEN AND RECITE! 2143 | -7/Scraptown | Visited Observation Area 2201 | -7/Scraptown | Visited Comm Corps 2259 | -7/Scraptown | Build established: Derelict-Mutant 2398 | -7/Scraptown | Discovered new exit (range 13) 2526 | -7/Scraptown | Visited Bundlers 2619 | -7/Scraptown | Visited Red Mages 2957 | -7/Scraptown | Identified exit to Factory 2958 | -7/Scraptown | Entered Factory 2958 | -5/Factory | Evolved 10 slots: Power x1, Propulsion x2, Utility x5, Weapon x2 3259 | -5/Factory | System corruption reached 10% 3339 | -5/Factory | Lost 11 parts (1p4n2u4w) 3339 | -5/Factory | Core integrity fell below 50% 3365 | -5/Factory | Core integrity fell below 20% 3374 | -5/Factory | System corruption reached 30% 3389 | -5/Factory | Destroyed by P-70 Sage with High-powered Shock Rifle Last Messages --------------- 03365_ Slammed into P-70 Sage. 03366_ U-05 Engineer lays Concrete. 03366_ Slammed into P-70 Sage. 03367_ U-05 Engineer lays Concrete. 03367_ Slammed into P-70 Sage. 03369_ U-05 Engineer lays Concrete. 03369_ Slammed into P-70 Sage. 03373_ Destabilizing: System corrupted (+1). 03374_ Slammed into P-70 Sage. 03375_ Destabilizing: System corrupted (+1). 03376_ System corrupted: Component data lost. 03376_ Slammed into P-70 Sage. 03377_ Destabilizing: Core damaged (-10). 03378_ Slammed into P-70 Sage. 03386_ Destabilizing: Core damaged (-50). 03387_ Slammed into P-70 Sage. 03387_ Destroyed Imp. Target Analyzer. 03387_ P-70 Sage system corrupted by crushing effect. 03388_ Slammed into P-70 Sage. Map ----- +----------------------------------------------------+ | ?????????????????????????????????????????????????? | | ?????????????????????????????????????????????????? | | ?????????????????????????????????????????????????? | | ?????????????????????????????????????????????????? | | ?????????????????????????????????????????????????? | | ?????????????????????????????????????????????????? | | ?????????????????????????????????????????????????? | | ?????????????????????????????????????????????????? | | ?????????????????????????????????????????????????? | | ?????????????????????????????????????????????????? | | ??????????????????????? p??????????????????????? | | ?????????????????????# ??????????????????????? | | ?????????????????????# ??????????????????????? | | ?????????????????????# #?????????????????????? | | ?????????????????????# #?????????????????????? | | ?????????????????????# #?????????????????????? | | ??????????????????#### ###???????????????????? | | ?????????????????? #???????????????????? | | ??????????????????? #???????????????????? | | ???????????????????? #???????????????????? | | ????????????????????? #???????????????????? | | ?????????????????????? #???????????????????? | | ???????????????????????# ###########?????????? | | ???????????????????????# # #?????????? | | ???????????????????????# # #?????????? | | ???????????????????????# @p # #?????????? | | ???????????????????????#%%% # #?????????? | | ???????????????????????#%%%% + !#?????????? | | ???????????????????????#%%w% # #?????????? | | ???????????????????????#% %%%# #?????????? | | ???????????????????????# %%%%# #?????????? | | ???????????????????????# %%%%####+######?????????? | | ???????????????????????#%%%% #??# #??????????????? | | ???????????????????????#% % #??# #??????????????? | | ???????????????????????# %%%%#??# #??????????????? | | ???????????????????????#% %%%##?# #??????????????? | | ??????????? ############%%%%%#### #??????????????? | | ????????? !!! %%%% #%###????????????? | | ????????????"" !!! #%%% #????????????? | | ????????????"" !! % ! #????????????? | | ????????????"" # ############## | | ?????????? + ^ ^ # | | ??????????? """ " " # # | | ??????????? "" S "" # # | | ???????????????######### = """" # | | ??????????????????? # """" # | | ???????????????????? # "" """ # | | ?????????????????? + """ """ # | | ????????????????? # """ "" # | | ????????????????? """" !""" # | +----------------------------------------------------+ Best States ------------- Heat Dissipation 40 Energy Generation 16 Energy Capacity 290 Matter Stores 300 Matter Capacity 300 Sight Range 16 Terrain Scan Density 10 ECM Strength 1 Armor Coverage 1025 Evasion (%) 55 Targeting Accuracy 8 Item Schematics ----------------- None Robot Schematics ------------------ None Fabricated ------------ Nothing Repaired ---------- Nothing Studied --------- None Alien Tech Used ----------------- None Achievements -------------- None Challenges ------------ None Game ------ Seed ConcussiveTerrabombChip Manual? 0 Play Time 00:32:05 Cumulative 21.5 hours Start 2026.08.01 @ 19:45:42 End 2026.08.01 @ 20:36:47 Sessions 1 Manual Loads 0 Difficulty Rogue Special Mode None Game No. 28 Rogue 28 Adventurer 0 Explorer 0 Win Type - Total 0 Types 0/0/0/0/0/0/0/0/0/0 Lore% 14 Gallery% 16 Achievement% 16 Wizard Run 0 Options --------- Layout 1 ASCII 0 Keyboard 0 Movement Mouse Keybinds 0 Fullscreen 1 Font 48/Smallcaps Map View 50x35 Zoom Use 0% Tactical HUD 1 Map Filters NONE Filters NONE Steam 1 RUN: 9555fd2d-e422-4113-863f-4b966f5b2973